 Dungeon Sprint DCSS version 0.23.2-1-ga50397a6bc (webtiles) character file.

Game seed: 7175363683766505594

1859 Kobolds4U the Cleaver (level 8, -2/86 HPs)
             Began as a Minotaur Berserker on May 10, 2019.
             Was an Elder of Trog.
             Slain by a demonic crawler (6 damage)
             ... in the Dungeon (Sprint I: "Red Sonja").
             The game lasted 00:01:51 (955 turns).

Kobolds4U the Cleaver (Minotaur Berserker)           Turns: 955, Time: 00:01:52

Health: -2/86      AC:  2    Str: 22    XL:     8   Next: 89%
Magic:  7/7        EV: 19    Int:  4    God:    Trog [****..]
Gold:   405        SH:  0    Dex: 12    Spells: 7/7 levels left

rFire    . . .     SeeInvis .   a - +0 hand axe
rCold    . . .     Gourm    .   (no shield)
rNeg     . . .     Faith    .   b - +0 animal skin
rPois    .         Spirit   .   (helmet restricted)
rElec    .         Reflect  .   (no cloak)
rCorr    .         Harm     .   (no gloves)
MR       ++...     NoTele   +   (no boots)
Stlth    +.........             (no amulet)
HPRegen  1.24/turn              (no ring)
MPRegen  0.10/turn              (no ring)

@: berserk cooldown, regenerating, slowed, very slow
A: retaliatory headbutt, horns 2
a: Berserk, Trog's Hand, Brothers in Arms, Renounce Religion


You were in the Dungeon.
You worshipped Trog.
Trog was greatly pleased with you.
You were not hungry.

You visited 1 branch You collected 405 gold pieces.

Inventory:

Hand Weapons
 a - a +0 hand axe (weapon)
Armour
 b - a +0 animal skin (worn)
Scrolls
 i - a scroll of blinking
Potions
 d - a potion of curing
 e - a potion of heal wounds
 f - a potion of haste
 g - 2 potions of magic
 h - a potion of berserk rage
 k - a potion of lignification {unknown}
Comestibles
 c - a ration


   Skills:
 + Level 13.3 Fighting
 - Level 14.4 Axes
 - Level 2.4 Armour
 + Level 12.2 Dodging


You had 7 spell levels left.
You didn't know any spells.
Your spell library was empty.

Dungeon Overview and Level Annotations

Branches:
Dungeon (1/1)

Altars:
Cheibriados
Dithmenos
Elyvilon
Fedhas
Gozag
Hepliaklqana
Kikubaaqudgha
Makhleb
Nemelex Xobeh
Okawaru
Qazlal
Ru
Sif Muna
Trog
Uskayaw
Vehumet
Wu Jian
Xom
Yredelemnul
Zin
The Shining One
Jiyva
Lugonu

Shops:
D %


Innate Abilities, Weirdness & Mutations

You reflexively headbutt those who attack you in melee.
You have a pair of horns on your head.


Message History

You slash the demonic crawler!
The demonic crawler is lightly wounded.
You feel the effects of Trog's Hand fading.
The demonic crawler hits you!
* * * LOW HITPOINT WARNING * * *
The demonic crawler barely misses you. The demonic crawler misses you.
You hit the demonic crawler.
You headbutt the demonic crawler, but do no damage.
The demonic crawler is lightly wounded.
The demonic crawler closely misses you. You furiously retaliate!
You headbutt the demonic crawler. The demonic crawler hits you.
* * * LOW HITPOINT WARNING * * *
The demonic crawler closely misses you.
The demonic crawler completely misses you.
You furiously retaliate!
You headbutt the demonic crawler, but do no damage.
The demonic crawler hits you!
* * * LOW HITPOINT WARNING * * *
The demonic crawler hits you.
You die...

##################
.#..'..#__#..'.).#
.').#..'..'..#).@##+#
'#####'#__####...s†.#
.#...#.#### #####..+
##..##)# +## _##'#_.+
..'..._# _##_.#'#
_###+#)# ## ###


You could see a demonic crawler.

Vanquished Creatures
  2 kobold demonologists (D)
  3 demonic crawlers (D)
  A slime creature (D)
  Sigmund (D)
  A yak (D)
  A floating eye (D)
  An ogre (D)
  A jelly (D)
  Ijyb (D)
12 creatures vanquished.

Vanquished Creatures (others)
  2 hornets (D)
2 creatures vanquished.

Grand Total: 14 creatures vanquished

Notes
Turn   | Place    | Note
-------+----------+-------------------------------------------
     0 | D        | Kobolds4U the Minotaur Berserker began the quest for the
                  | Orb.
     0 | D        | Reached XP level 1. HP: 19/19 MP: 0/0
     1 | D        | Noticed Ijyb
    12 | D        | Killed Ijyb
    12 | D        | Reached skill level 5 in Fighting
    12 | D        | Reached skill level 6 in Axes
    12 | D        | Reached XP level 2. HP: 11/29 MP: 1/1
   302 | D        | Noticed an ogre
   307 | D        | Killed an ogre
   307 | D        | Reached skill level 8 in Axes
   307 | D        | Reached skill level 5 in Dodging
   307 | D        | Reached XP level 3. HP: 25/38 MP: 2/2
   307 | D        | Reached XP level 4. HP: 30/45 MP: 3/3
   463 | D        | Noticed Sigmund
   484 | D        | Killed Sigmund
   484 | D        | Reached ** piety under Trog
   484 | D        | Reached skill level 11 in Axes
   484 | D        | Reached XP level 5. HP: 23/56 MP: 4/4
   484 | D        | Reached XP level 6. HP: 26/62 MP: 5/5
   653 | D        | Killed a hornet
   658 | D        | Killed a hornet
   664 | D        | Found an ornate altar of the Wu Jian Council.
   664 | D        | Found a deep blue altar of Sif Muna.
   666 | D        | Found a radiant altar of Vehumet.
   690 | D        | Found Astey's Food Emporium.
   690 | D        | Found an ancient bone altar of Kikubaaqudgha.
   690 | D        | Found a hazy altar of Hepliaklqana.
   690 | D        | Found a hide-covered altar of Uskayaw.
   690 | D        | Found a basalt altar of Yredelemnul.
   690 | D        | Found an opulent altar of Gozag.
   690 | D        | Found a snail-covered altar of Cheibriados.
   690 | D        | Found a sacrificial altar of Ru.
   690 | D        | Found a shadowy altar of Dithmenos.
   690 | D        | Noticed a yak
   698 | D        | Killed a yak
   698 | D        | Reached skill level 12 in Axes
   699 | D        | Found a stormy altar of Qazlal.
   699 | D        | Found a blossoming altar of Fedhas.
   699 | D        | Found a bloodstained altar of Trog.
   699 | D        | Found an iron altar of Okawaru.
   699 | D        | Found a glowing golden altar of the Shining One.
   699 | D        | Found a glowing silver altar of Zin.
   699 | D        | Found a white marble altar of Elyvilon.
   700 | D        | Found a sparkling altar of Nemelex Xobeh.
   769 | D        | Found a viscous altar of Jiyva.
   769 | D        | Found a corrupted altar of Lugonu.
   769 | D        | Noticed a slime creature
   779 | D        | Killed a slime creature
   779 | D        | Reached *** piety under Trog
   779 | D        | Reached skill level 10 in Fighting
   779 | D        | Reached skill level 13 in Axes
   779 | D        | Reached XP level 7. HP: 51/72 MP: 6/6
   780 | D        | Found a burning altar of Makhleb.
   780 | D        | Found a shimmering altar of Xom.
   883 | D        | Noticed a kobold demonologist
   884 | D        | Noticed a kobold demonologist
   886 | D        | Paralysed by a floating eye for 3 turns
   891 | D        | Killed a kobold demonologist
   891 | D        | Reached skill level 14 in Axes
   891 | D        | Reached XP level 8. HP: 82/82 MP: 7/7
   896 | D        | Killed a kobold demonologist
   896 | D        | Reached **** piety under Trog
   896 | D        | Reached skill level 10 in Dodging
   935 | D        | Noticed a demonic crawler
   935 | D        | Noticed a demonic crawler
   935 | D        | Noticed a demonic crawler
   935 | D        | Noticed a demonic crawler
   939 | D        | Killed a demonic crawler
   949 | D        | Killed a demonic crawler
   949 | D        | Killed a demonic crawler
   955 | D        | HP: 4/86 [demonic crawler (11)]
   955 | D        | Slain by a demonic crawler

Skill      XL: |  1  2  3  4  5  6  7  8 |
---------------+-------------------------+-----
Fighting       | 5 6 8 10 11 13 | 13.3
Axes           | 6 8 11 13 14 | 14.4
Dodging        | 3 5 7 9 12 | 12.2
Armour         | |  2.4

Action                   |  1- 3 |  4- 6 |  7- 9 || total
-------------------------+-------+-------+-------++-------
Melee: Hand axe          |    12 |    32 |    22 ||    66
       Headbutt          |     3 |     8 |     8 ||    19
Invok: Berserk           |     1 |       |     2 ||     3
       Trog's Hand       |       |       |     1 ||     1
       Brothers in Arms  |       |       |     1 ||     1
  Eat: Ration            |       |       |     1 ||     1
Armor: Animal skin       |       |       |     3 ||     3
Dodge: Dodged            |       |    15 |    38 ||    53
